TOP OF THE 1ST |
Columbus Clippers batting - Pitching for Buffalo Bisons : RHP Jose Saenz
|
Pitching: RHP Jose Saenz
|
|
Batting: RHB Tommy Baird
|
0-0: Ball 1-0: Called Strike 1-1: Swinging Strike 1-2: Ball 2-2: Ball 3-2: Foul Ball, location: 2F 3-2: Strikes out swinging
|
Batting: RHB Jordan Diaz
|
0-0: Ball 1-0: Ball 2-0: Ball 3-0: Ground out 5-3 (Groundball, 56D, EV 106.2 MPH)
|
Batting: LHB Bobby Upton
|
0-0: Called Strike 0-1: Foul Ball, location: 2F 0-2: Ground out 5-3 (Groundball, 56, EV 103.8 MPH)
|
Top of the 1st over - 0 runs, 0 hits, 0 errors, 0 left on base; Columbus 0 - Buffalo 0 |
BOTTOM OF THE 1ST |
Buffalo Bisons batting - Pitching for Columbus Clippers : RHP Joe Zeiset
|
Pitching: RHP Joe Zeiset
|
|
Batting: RHB Alex Ramos
|
0-0: Foul Ball, location: 2F 0-1: Ball 1-1: Fly out, F8 (Flyball, 8LM, EV 75.0 MPH)
|
Batting: RHB Pedro Nin
|
0-0: Ball 1-0: Ball 2-0: Foul Ball, location: 2F 2-1: Called Strike 2-2: Foul Ball, location: 2F 2-2: Foul Ball, location: 2F 2-2: Ball 3-2: SINGLE (Flyball, 4D, EV 92.5 MPH)
|
Batting: LHB Cody Schumacher
|
0-0: Ball 1-0: Foul Ball, location: 2F 1-1: 2-RUN HOME RUN (Flyball, 89XD, EV 107.5 MPH), Distance : 392 ft
|
Batting: RHB Danny Burnside
|
0-0: Called Strike 0-1: Swinging Strike 0-2: Foul Ball, location: 2F 0-2: Ball 1-2: Fly out, F3 (Line Drive, 3, EV 63.1 MPH)
|
Batting: RHB John Creel
|
0-0: Swinging Strike 0-1: Swinging Strike 0-2: Strikes out looking
|
Bottom of the 1st over - 2 runs, 2 hits, 0 errors, 0 left on base; Columbus 0 - Buffalo 2 |
TOP OF THE 2ND |
Columbus Clippers batting - Pitching for Buffalo Bisons : RHP Jose Saenz
|
Batting: SHB Mike Gross
|
0-0: Ball 1-0: Ball 2-0: Called Strike 2-1: SOLO HOME RUN (Flyball, 7D, EV 98.8 MPH), Distance : 380 ft
|
Batting: SHB Jonathan DeFranco
|
0-0: Called Strike 0-1: Ground out 4-3 (Groundball, 4D, EV 101.9 MPH)
|
Batting: RHB Carlos Lopez
|
0-0: Ball 1-0: SINGLE (Groundball, 56D, EV 96.2 MPH)
|
Batting: RHB Diwan Abdul-Salam
|
0-0: Ball 1-0: Foul Ball, location: 2F 1-1: Swinging Strike 1-2: Ball 2-2: Strikes out swinging
|
Batting: LHB Doug Frampton
|
0-0: Called Strike 0-1: Called Strike 0-2: Ball 1-2: Strikes out swinging
|
Top of the 2nd over - 1 run, 2 hits, 0 errors, 1 left on base; Columbus 1 - Buffalo 2 |
BOTTOM OF THE 2ND |
Buffalo Bisons batting - Pitching for Columbus Clippers : RHP Joe Zeiset
|
Batting: RHB Abel Surraca
|
0-0: Called Strike 0-1: Ball 1-1: Fly out, F7 (Line Drive, 7, EV 89.4 MPH)
|
Batting: LHB Sadamu Noguchi
|
0-0: Called Strike 0-1: Ball 1-1: Swinging Strike 1-2: Ball 2-2: Ball 3-2: Foul Ball, location: 2F 3-2: Base on Balls
|
Batting: LHB Timo Gomez
|
0-0: Ball Sadamu Noguchi steals 2nd base (no throw) 1-0: Called Strike 1-1: Ball Sadamu Noguchi steals 3rd base 2-1: Swinging Strike 2-2: Ball 3-2: Ground out 1-3 (Groundball, P, EV 66.9 MPH)
|
Batting: RHB Kirk Seiffert
|
0-0: Ball 1-0: Ball 2-0: Ball 3-0: Base on Balls
|
Batting: RHB Alex Ramos
|
0-0: Foul Ball, location: 2F 0-1: Ball 1-1: Ball 2-1: Ground out 1-3 (Groundball, 34S, EV 76.9 MPH)
|
Bottom of the 2nd over - 0 runs, 0 hits, 0 errors, 2 left on base; Columbus 1 - Buffalo 2 |
TOP OF THE 3RD |
Columbus Clippers batting - Pitching for Buffalo Bisons : RHP Jose Saenz
|
Batting: LHB Jeremy DiGenova
|
0-0: Ball 1-0: Ball 2-0: Called Strike 2-1: Swinging Strike 2-2: Foul Ball, location: 2F 2-2: Ground out 5-3 (Groundball, 5, EV 101.2 MPH)
|
Batting: RHB Tommy Baird
|
0-0: Ball 1-0: Ball 2-0: SOLO HOME RUN (Line Drive, 8RXD, EV 101.2 MPH), Distance : 426 ft
|
Batting: RHB Jordan Diaz
|
0-0: SOLO HOME RUN (Flyball, 7D, EV 96.2 MPH), Distance : 365 ft
|
Batting: LHB Bobby Upton
|
0-0: Ball 1-0: Called Strike 1-1: SINGLE (Line Drive, 9LM, EV 104.4 MPH)
|
Batting: SHB Mike Gross
|
0-0: Ball 1-0: Ball 2-0: 2-RUN HOME RUN (Flyball, 89XD, EV 97.5 MPH), Distance : 396 ft
|
Batting: SHB Jonathan DeFranco
|
0-0: Ball 1-0: Called Strike 1-1: Ball 2-1: Ground out 4-3 (Groundball, 4, EV 82.5 MPH)
|
Batting: RHB Carlos Lopez
|
0-0: Fly out, F4 (Popup, 34, EV 63.1 MPH)
|
Top of the 3rd over - 4 runs, 4 hits, 0 errors, 0 left on base; Columbus 5 - Buffalo 2 |
BOTTOM OF THE 3RD |
Buffalo Bisons batting - Pitching for Columbus Clippers : RHP Joe Zeiset
|
Batting: RHB Pedro Nin
|
0-0: Swinging Strike 0-1: Called Strike 0-2: Foul Ball, location: 2F 0-2: Ball 1-2: Foul Ball, location: 2F 1-2: Ground out 4-3 (Groundball, 4S, EV 86.2 MPH)
|
Batting: LHB Cody Schumacher
|
0-0: Called Strike 0-1: Foul Ball, location: 2F 0-2: Ball 1-2: Foul Ball, location: 2F 1-2: Fly out, F9 (Flyball, 9D, EV 75.0 MPH)
|
Batting: RHB Danny Burnside
|
0-0: Ball 1-0: Foul Ball, location: 2F 1-1: Ball 2-1: Foul Ball, location: 2F 2-2: Foul Ball, location: 2F 2-2: Ball 3-2: Base on Balls
|
Pitching: RHP Corey Rizzuto
|
|
Batting: RHB John Creel
|
0-0: Ball Danny Burnside steals 2nd base 1-0: Called Strike 1-1: Ball 2-1: 2-RUN HOME RUN (Flyball, 7D, EV 98.8 MPH), Distance : 374 ft
|
Batting: RHB Abel Surraca
|
0-0: Ball 1-0: SINGLE (Groundball, 5D, EV 93.8 MPH)
|
Batting: LHB Sadamu Noguchi
|
0-0: Ground out 1-3 (Groundball, 13S, EV 64.4 MPH)
|
Bottom of the 3rd over - 2 runs, 2 hits, 0 errors, 1 left on base; Columbus 5 - Buffalo 4 |
TOP OF THE 4TH |
Columbus Clippers batting - Pitching for Buffalo Bisons : RHP Jose Saenz
|
Batting: RHB Diwan Abdul-Salam
|
0-0: Ground out 4-3 (Groundball, 4, EV 103.8 MPH)
|
Batting: LHB Doug Frampton
|
0-0: Ball 1-0: SINGLE (Flyball, 3D, EV 95.6 MPH)
|
Batting: LHB Jeremy DiGenova
|
0-0: Ball 1-0: Swinging Strike 1-1: Called Strike 1-2: Strikes out swinging
|
Batting: RHB Tommy Baird
|
0-0: Foul Ball, location: 2F 0-1: Swinging Strike 0-2: Strikes out swinging
|
Top of the 4th over - 0 runs, 1 hit, 0 errors, 1 left on base; Columbus 5 - Buffalo 4 |
BOTTOM OF THE 4TH |
Buffalo Bisons batting - Pitching for Columbus Clippers : RHP Corey Rizzuto
|
Batting: LHB Timo Gomez
|
0-0: Ball 1-0: Called Strike 1-1: Swinging Strike 1-2: Strikes out swinging
|
Batting: RHB Kirk Seiffert
|
0-0: Ball 1-0: Foul Ball, location: 2F 1-1: Called Strike 1-2: Hit by Pitch
|
Batting: RHB Alex Ramos
|
0-0: Called Strike Kirk Seiffert steals 2nd base (no throw) 0-1: Swinging Strike 0-2: Ball 1-2: Ball 2-2: Ball 3-2: Base on Balls
|
Batting: RHB Pedro Nin
|
0-0: Called Strike 0-1: Fly out, F7 (Flyball, 78D, EV 104.4 MPH)
|
Batting: LHB Cody Schumacher
|
0-0: Called Strike 0-1: Fly out, F9 (Flyball, 89S, EV 81.2 MPH)
|
Bottom of the 4th over - 0 runs, 0 hits, 0 errors, 2 left on base; Columbus 5 - Buffalo 4 |
TOP OF THE 5TH |
Columbus Clippers batting - Pitching for Buffalo Bisons : RHP Jose Saenz
|
Batting: RHB Jordan Diaz
|
0-0: Ball 1-0: Swinging Strike 1-1: Swinging Strike 1-2: Foul Ball, location: 2F 1-2: Fly out, F6 (Popup, 6M, EV 75.6 MPH)
|
Batting: LHB Bobby Upton
|
0-0: Ball 1-0: Foul Ball, location: 2F 1-1: Foul Ball, location: 2F 1-2: Ball 2-2: Ground out 3-1 (Groundball, 3L, EV 103.8 MPH)
|
Batting: SHB Mike Gross
|
0-0: Foul Ball, location: 2F 0-1: Ball 1-1: Called Strike 1-2: Strikes out looking
|
Top of the 5th over - 0 runs, 0 hits, 0 errors, 0 left on base; Columbus 5 - Buffalo 4 |
BOTTOM OF THE 5TH |
Buffalo Bisons batting - Pitching for Columbus Clippers : RHP Corey Rizzuto
|
Batting: RHB Danny Burnside
|
0-0: Called Strike 0-1: Ball 1-1: Foul Ball, location: 2F 1-2: Ball 2-2: Ball 3-2: Fly out, F6 (Line Drive, 6, EV 69.4 MPH)
|
Batting: RHB John Creel
|
0-0: Ball 1-0: Ball 2-0: Fly out, F5 (Popup, 25F, EV 82.5 MPH)
|
Batting: RHB Abel Surraca
|
0-0: Called Strike 0-1: Swinging Strike 0-2: Strikes out swinging
|
Bottom of the 5th over - 0 runs, 0 hits, 0 errors, 0 left on base; Columbus 5 - Buffalo 4 |
TOP OF THE 6TH |
Columbus Clippers batting - Pitching for Buffalo Bisons : RHP Jose Saenz
|
Batting: SHB Jonathan DeFranco
|
0-0: Foul Ball, location: 2F 0-1: Ball 1-1: Foul Ball, location: 2F 1-2: Ball 2-2: SINGLE (Line Drive, 8LS, EV 108.1 MPH)
|
Pitching: LHP Vinny Zavala
|
|
Batting: RHB Carlos Lopez
|
0-0: Ball 1-0: Hit by Pitch Jonathan DeFranco to second
|
Batting: RHB Diwan Abdul-Salam
|
0-0: Called Strike 0-1: Ball 1-1: Foul Ball, location: 2F 1-2: Strikes out looking
|
Batting: LHB Doug Frampton
|
0-0: Ball 1-0: Ball 2-0: SINGLE (Groundball, 34D, EV 98.1 MPH) Jonathan DeFranco to third Carlos Lopez to second Runner from 3rd tries for Home, SAFE, throw by RF to home
|
Batting: LHB Jeremy DiGenova
|
0-0: Called Strike 0-1: Fly out, F3 (Flyball, 3D, EV 88.1 MPH)
|
Batting: RHB Tommy Baird
|
0-0: Swinging Strike 0-1: Ball 1-1: Ball 2-1: Ball 3-1: Base on Balls Carlos Lopez to third Doug Frampton to second
|
Batting: RHB Jordan Diaz
|
0-0: Ball 1-0: Foul Ball, location: 2F 1-1: Foul Ball, location: 2F 1-2: Foul Ball, location: 2F 1-2: Fly out, F8 (Flyball, 8LM, EV 98.1 MPH)
|
Top of the 6th over - 1 run, 2 hits, 0 errors, 3 left on base; Columbus 6 - Buffalo 4 |
BOTTOM OF THE 6TH |
Buffalo Bisons batting - Pitching for Columbus Clippers : RHP Corey Rizzuto
|
Pitching: RHP John Morrison
|
|
Batting: LHB Sadamu Noguchi
|
0-0: Ground out 1-3 (Groundball, 34S, EV 61.2 MPH)
|
Batting: LHB Timo Gomez
|
0-0: Ball 1-0: Ball 2-0: Foul Ball, location: 2F 2-1: SINGLE (Groundball, 56D, EV 98.1 MPH)
|
Batting: RHB Kirk Seiffert
|
0-0: SINGLE (Groundball, 34D, EV 106.9 MPH) Timo Gomez to second Timo Gomez to third
|
Batting: RHB Alex Ramos
|
0-0: Called Strike 0-1: Ball 1-1: Ball 2-1: Foul Ball, location: 2F 2-2: Ball Kirk Seiffert steals 2nd base 3-2: Foul Ball, location: 2F 3-2: Fly out, F4 (Popup, 23, EV 88.8 MPH)
|
Batting: RHB Pedro Nin
|
0-0: Called Strike 0-1: Foul Ball, location: 2F 0-2: Ball 1-2: Ball 2-2: Ground out 6-3 (Groundball, 6, EV 80.0 MPH)
|
Bottom of the 6th over - 0 runs, 2 hits, 0 errors, 2 left on base; Columbus 6 - Buffalo 4 |
TOP OF THE 7TH |
Columbus Clippers batting - Pitching for Buffalo Bisons : LHP Vinny Zavala
|
Batting: LHB Bobby Upton
|
0-0: Called Strike 0-1: Ball 1-1: Swinging Strike 1-2: Ball 2-2: Strikes out swinging
|
Batting: SHB Mike Gross
|
0-0: SOLO HOME RUN (Flyball, 78XD, EV 98.1 MPH), Distance : 390 ft
|
Batting: SHB Jonathan DeFranco
|
0-0: Ball 1-0: Called Strike 1-1: Foul Ball, location: 2F 1-2: Strikes out swinging
|
Batting: RHB Carlos Lopez
|
0-0: Ground out 5-3 (Groundball, 5S, EV 89.4 MPH)
|
Top of the 7th over - 1 run, 1 hit, 0 errors, 0 left on base; Columbus 7 - Buffalo 4 |
BOTTOM OF THE 7TH |
Buffalo Bisons batting - Pitching for Columbus Clippers : RHP John Morrison
|
Batting: LHB Cody Schumacher
|
0-0: Called Strike 0-1: Called Strike 0-2: Ball 1-2: Ball 2-2: Ball 3-2: TRIPLE (Flyball, 8RXD, EV 96.9 MPH)
|
Batting: RHB Danny Burnside
|
0-0: Ball 1-0: Ball 2-0: Ground out 4-3 (Groundball, 4, EV 81.9 MPH) Cody Schumacher scores
|
Batting: RHB John Creel
|
0-0: Ball 1-0: Ball 2-0: Foul Ball, location: 2F 2-1: Foul Ball, location: 2F 2-2: Ball 3-2: SOLO HOME RUN (Flyball, 89XD, EV 98.1 MPH), Distance : 401 ft
|
Pitching: LHP Eric Larsen
|
|
Batting: RHB Abel Surraca
|
0-0: Ball 1-0: SINGLE (Groundball, 56D, EV 96.9 MPH)
|
Batting: LHB Sadamu Noguchi
|
0-0: Foul Ball, location: 2F 0-1: Foul Ball, location: 2F 0-2: Ball 1-2: Fly out, F5 (Popup, 5L, EV 79.4 MPH)
|
Pinch Hitting: RHB Bobby Keithley
|
0-0: Swinging Strike 0-1: Ball 1-1: Ball 2-1: Called Strike 2-2: Ball 3-2: Strikes out swinging
|
Bottom of the 7th over - 2 runs, 3 hits, 0 errors, 1 left on base; Columbus 7 - Buffalo 6 |
TOP OF THE 8TH |
Columbus Clippers batting - Pitching for Buffalo Bisons : LHP Vinny Zavala
|
Pitching: RHP Gilberto Dominguez
|
|
Now in LF: Tso-lin Fen
|
|
Batting: RHB Diwan Abdul-Salam
|
0-0: Ball 1-0: Swinging Strike 1-1: SINGLE (Groundball, 56D, EV 96.9 MPH)
|
Batting: LHB Doug Frampton
|
0-0: Called Strike 0-1: Called Strike 0-2: Ball 1-2: Strikes out swinging
|
Batting: LHB Jeremy DiGenova
|
0-0: Called Strike 0-1: Ball 1-1: Called Strike 1-2: Grounds into double play, 6-4-3 (Groundball, 6, EV 92.5 MPH)
|
Top of the 8th over - 0 runs, 1 hit, 0 errors, 0 left on base; Columbus 7 - Buffalo 6 |
BOTTOM OF THE 8TH |
Buffalo Bisons batting - Pitching for Columbus Clippers : LHP Eric Larsen
|
Pitching: RHP Jon Samer
|
|
Batting: RHB Kirk Seiffert
|
0-0: Called Strike 0-1: Called Strike 0-2: Strikes out swinging
|
Batting: RHB Alex Ramos
|
0-0: Ball 1-0: Ball 2-0: Called Strike 2-1: Ball 3-1: Base on Balls
|
Batting: RHB Pedro Nin
|
0-0: Ball 1-0: Called Strike 1-1: Ball 2-1: Foul Ball, location: 2F 2-2: Strikes out swinging
|
Batting: LHB Cody Schumacher
|
0-0: Ball 1-0: Ball 2-0: Foul Ball, location: 2F 2-1: Ball 3-1: Ground out 4-3 (Groundball, 4, EV 105.6 MPH)
|
Bottom of the 8th over - 0 runs, 0 hits, 0 errors, 1 left on base; Columbus 7 - Buffalo 6 |
TOP OF THE 9TH |
Columbus Clippers batting - Pitching for Buffalo Bisons : RHP Gilberto Dominguez
|
Pitching: RHP Gabe Nalley
|
|
Batting: RHB Tommy Baird
|
0-0: Ball 1-0: Ball 2-0: Ball 3-0: Base on Balls
|
Batting: RHB Jordan Diaz
|
0-0: Ball 1-0: Ball Tommy Baird steals 2nd base 2-0: Ball 3-0: Base on Balls
|
Batting: LHB Bobby Upton
|
0-0: Grounds into double play, 4-6-3 (Groundball, 4, EV 98.1 MPH) Tommy Baird to third
|
Batting: SHB Mike Gross
|
0-0: Ball 1-0: Ground out 6-3 (Groundball, 6, EV 87.5 MPH)
|
Top of the 9th over - 0 runs, 0 hits, 0 errors, 1 left on base; Columbus 7 - Buffalo 6 |
BOTTOM OF THE 9TH |
Buffalo Bisons batting - Pitching for Columbus Clippers : RHP Jon Samer
|
Pitching: LHP Terry LaPlante
|
|
Batting: RHB Danny Burnside
|
0-0: Foul Ball, location: 2F 0-1: Ball 1-1: Foul Ball, location: 2F 1-2: Ground out 5-3 (Groundball, 5S, EV 86.2 MPH)
|
Batting: RHB John Creel
|
0-0: Ball 1-0: Swinging Strike 1-1: Ball 2-1: Ball 3-1: Base on Balls
|
Batting: RHB Abel Surraca
|
0-0: Ball 1-0: DOUBLE (Flyball, 89XD, EV 98.1 MPH) John Creel to third
|
Pinch Hitting: RHB Danny Heyer
|
0-0: Intentional Walk
|
Pinch Hitting: RHB Kai Stoyle
|
0-0: GRAND SLAM HOME RUN (Flyball, 7D, EV 95.6 MPH), Distance : 359 ft
|
Bottom of the 9th over - 4 runs, 2 hits, 0 errors, 0 left on base; Columbus 7 - Buffalo 10 |
|
Game Over ... Buffalo defeats Columbus, 10 to 7
|
|
|